 Dungeon Crawl Stone Soup version 0.30-b1-2-g02819fbbbe (webtiles) character file.

Game seed: 12614349320464408612

412 Drachta the Firebug (level 6, -4/37 HPs)
             Began as a Gargoyle Fire Elementalist on Oct 17, 2023.
             Slain by a gnoll
             ... wielding a +0 spear
             ... led by a gnoll bouda
              (6 damage)
             ... on level 4 of the Dungeon.
             The game lasted 00:15:44 (3804 turns).

Drachta the Firebug (Gargoyle Fire Elementalist)    Turns: 3804, Time: 00:15:45

Health: -4/37      AC:  9    Str: 11    XL:     6   Next: 90%
Magic:  2/11       EV: 12    Int: 18    God:
Gold:   146        SH:  0    Dex: 10    Spells: 9/12 levels left

rFire   . . .        p - +2 quarterstaff (chaos)
rCold   . . .        (shield currently unavailable)
rNeg    + . .        a - +0 robe
rPois   ∞            g - +0 helmet
rElec   +            q - +1 cloak
rCorr   .            (no gloves)
SInv    .            (no boots)
Will    .....        (no amulet)
Stlth   ++           (no ring)
HPRegen 0.26/turn    (no ring)
MPRegen 0.12/turn

%: no passive effects
@: about to teleport
A: sickness immunity, AC +4, negative energy resistance 1, electricity
resistance, torment resistance 1, petrification resistance
a: no special abilities


You were on level 4 of the Dungeon.
You visited 1 branch of the dungeon, and saw 4 of its levels.

You collected 146 gold pieces.

Inventory:

Hand Weapons
 p - a +2 quarterstaff of chaos (weapon)
Armour
 a - a +0 robe (worn)
 g - a +0 helmet (worn)
 q - a +1 cloak (worn)
Wands
 f - a wand of paralysis (4)
Scrolls
 c - a scroll of teleportation
 e - a scroll of torment
 i - 3 scrolls of identify
Potions
 b - a potion of magic
 h - 2 potions of heal wounds {unknown}
 j - a potion of haste {unknown}
 k - 2 potions of attraction
 l - 3 potions of curing
 m - a potion of lignification {unknown}
 n - a potion of flight {unknown}
 o - a potion of might {unknown}


   Skills:
 * Level 3.3 Fighting
 + Level 1.7 Dodging
 + Level 2.7 Stealth
 + Level 0.8 Unarmed Combat
 + Level 3.8 Spellcasting
 + Level 1.2 Conjurations
 + Level 5.1 Fire Magic


You had 9 spell levels left.
You knew the following spells:

 Your Spells              Type           Power      Damage    Failure   Level
a - Foxfire               Conj/Fire      56%        2x1d6     4%          1
b - Scorch                Fire           44%        2d7       2%          2

Your spell library contained the following spells:

 Spells                   Type           Power      Damage    Failure   Level
 Inner Flame              Hex/Fire       12%        N/A       16%         3
 Volatile Blastmotes      Fire/Tloc      24%        2d12      16%         3
 Lesser Beckoning         Tloc           6%         N/A       22%         2
 Ignite Poison            Fire/Tmut/Pois 9%         N/A       22%         3
 Flame Wave               Conj/Fire      14%        2d6       38%         4
 Sticky Flame             Conj/Fire      14%        2d4       38%         4
 Gell's Gravitas          Tloc           3%         N/A       41%         3
 Teleport Other           Tloc           3%         N/A       41%         3
 Ignition                 Fire           11%        3d5       100%        8


Dungeon Overview and Level Annotations

Branches:
Dungeon (4/15)
 Temple: D:4-7

Altars:
Dithmenos
Ru
Xom
Zin


Innate Abilities, Weirdness & Mutations

You are immune to sickness and miasma.
Your stone body is resilient. (AC +4)
You are immune to poison.
You resist negative energy. (rN+)
You are resistant to electric shocks. (rElec)
You are resistant to unholy torment.
You are immune to petrification.


Message History

Flames lash the gnoll.
The gnoll is burned terribly!
The gnoll is severely wounded.
The gnoll hits you but does no damage.
Casting: Scorch (safe; 2% risk of failure)
Press: ? - help, Q - select action, (/) - cycle Dir - look around, f - activate Flames lash the gnoll.
The gnoll is burned terribly!
You kill the gnoll!
Your attacks no longer feel as feeble.
You see here a ball python corpse.
As you read the scroll labelled KORGHI ZIMPE, it crumbles to dust.
It is a scroll of identify.
k - 2 potions of attraction The gnoll closely misses you.
Things that are here:
a +0 whip; a +0 leather armour You see here a +3 halberd.
Casting: Scorch (safe; 2% risk of failure)
Press: ? - help, Q - select action, (/) - cycle Dir - look around, f - activate Flames lash the gnoll.
The gnoll is severely wounded.
The gnoll's fire resistance burns away.
You hit the gnoll. You freeze the gnoll.
The gnoll is heavily wounded.
The gnoll hits you with a +0 club.
* * * LOW HITPOINT WARNING * * *
The gnoll barely misses you.
As you read the scroll of teleportation, it crumbles to dust.
You feel strangely unstable.
The gnoll is no longer more vulnerable to fire.
The gnoll hits you from afar with a +0 spear.
* * * LOW HITPOINT WARNING * * *
The gnoll hits you with a +0 club.
* * * LOW HITPOINT WARNING * * *
You barely miss the gnoll.
The gnoll is heavily wounded.
The gnoll closely misses you. The gnoll hits you but does no damage.
The gnoll hits you with a +0 club.
* * * LOW HITPOINT WARNING * * *
The gnoll hits you from afar with a +0 spear.
You die...

## ###.# #...
#####.# #####.....#
#.....g.)g#
....##)###g# . #.#
#.# #g# #@# #.# #g#
#.# #.# #
#.###.###.#.####
#.....†..........
......#.....#......
....#)#..##########
... # #..# .. ....#


You could see 3 gnolls.

Vanquished Creatures
  Sigmund (D:3)
  A hound (D:4)
  Crazy Yiuf (D:3)
  A gnoll bouda (D:4)
  Robin (D:3)
  A gnoll (D:4)
  5 adders
  2 worms (D:2)
  2 dart slugs (D:1)
  An orc (D:3)
  7 endoplasms
  5 giant cockroaches
  16 goblins
  12 hobgoblins
  2 jackals (D:4)
  A quokka (D:3)
  6 ball pythons
  A bat (D:3)
  6 frilled lizards
  5 kobolds
  6 rats
83 creatures vanquished.

Vanquished Creatures (others)
  18 foxfires
  A fungus (D:3)
19 creatures vanquished.

Grand Total: 102 creatures vanquished

Notes
Turn   | Place    | Note
-------+----------+-------------------------------------------
     0 | D:1      | Drachta the Gargoyle Fire Elementalist began the quest for
                  | the Orb.
     0 | D:1      | Reached XP level 1. HP: 10/10 MP: 3/3
   182 | D:1      | Reached skill level 1 in Fighting
   182 | D:1      | Reached XP level 2. HP: 16/16 MP: 5/5
   212 | D:1      | Learned a level 2 spell: Scorch
   787 | D:1      | Reached XP level 3. HP: 20/20 MP: 1/6
  1334 | D:2      | Found a faded altar of an unknown god.
  1776 | D:2      | Found a sacrificial altar of Ru.
  2312 | D:3      | Reached XP level 4. HP: 26/26 MP: 2/7
  2425 | D:3      | Noticed Sigmund
  2440 | D:3      | Identified the +3 leather armour of Fedhas's Indignation
                  | {Harm rPois SInv}
  2445 | D:3      | Found a shadowy altar of Dithmenos.
  2519 | D:3      | Killed Sigmund
  2520 | D:3      | Reached skill level 4 in Fire Magic
  2520 | D:3      | Reached XP level 5. HP: 10/32 MP: 0/10
  2520 | D:3      | Reached XP level 6. HP: 11/36 MP: 0/11
  2665 | D:3      | Noticed Robin
  2814 | D:3      | Killed Robin
  3166 | D:3      | Found a glowing silver altar of Zin.
  3328 | D:3      | Found a shimmering altar of Xom.
  3537 | D:3      | Found a runed translucent door.
  3538 | D:3      | Noticed Crazy Yiuf
  3545 | D:3      | Killed Crazy Yiuf
  3763 | D:4      | Reached skill level 5 in Fire Magic
  3804 | D:4      | Slain by a gnoll

Illustrated notes

Levels and vault maps discovered:
D:1:      minmay_arrival_semitransparent, layout_loops_cross
D:2:      layout_basic, chequers_ecumenical_altar_simple_redux, basic_altar
D:3:      layout_rooms, zin_academy, mainiacjoe_overflow_boulevard, tgw_xom,
          minmay_misc_feat_rows, minivault_23, uniq_robin,
          uniq_crazy_yiuf_cottage, uniq_sigmund
D:4:      layout_basic, minmay_fractal_squares_diagonal_5

Skill      XL: |  1  2  3  4  5  6 |
---------------+-------------------+-----
Fighting       | 1 2 3 |  3.3
Spellcasting   | 3 |  3.8
Fire Magic     | 4 5 |  5.1
Dodging        | |  1.7
Stealth        | |  2.7
Unarmed Combat | |  0.8
Conjurations   | |  1.2

Action                     |  1- 3 |  4- 6 || total
---------------------------+-------+-------++-------
  Melee: Unarmed           |    52 |    12 ||    64
         Punch             |     1 |       ||     1
         Quarterstaff      |       |    10 ||    10
   Cast: Foxfire           |     8 |     1 ||     9
         Scorch            |    45 |    63 ||   108
    Use: Potion            |       |     2 ||     2
         Scroll            |       |     5 ||     5
   Stab: Sleeping          |     1 |       ||     1
         Paralysed         |       |     3 ||     3
 Armour: Robe              |    16 |    19 ||    35
  Dodge: Dodged            |    42 |    51 ||    93
